Description

I'm new, trying to clean a Harstem build for SALT

Build Order

Get SALT Encoding   

  8  0:12  Probe x2 (Chrono Boost)  
  12  0:32  Pylon  
  14  0:58  Gateway  NO crhno
  16  1:30  Nexus  
  16  1:36  Assimilator (Chrono Boost)  Chrono, pull 2 into gas
  16  1:47  Cybernetics Core  
  17  1:55  Assimilator  Pull into gas optional (stay on 2/16/2 for glaives)
  18  2:06  Pylon  Downstairs, scout
  20  2:25  Adept (Chrono Boost)  
  23  2:32  Warp Gate  
  23  2:43  Adept (Chrono Boost)  
  29  3:04  Adept  
  32  3:10  Twilight Council  3:45 glaive/charge, 3:51 blink (would be faster if pull more into gas)
  34  3:23  Gateway  
  40  3:55  Pylon  
  43  4:12  Adept x2  Or stalkers, be sure to start AFTER warpgate finishes
  50  4:34  Nexus  
Spawning Tool Build Advisor. Get it on Overwolf

Go to:

Details

  • Created by: Cumberbund     
  • Published on: Jun 27, 2026
  • Modified on: Jun 27, 2026
  • Patch: 5.0.16
  • Difficulty: Easy
Show
View Real Time Build Order
Export as new Build Order

Comments (0)

There are no comments. Be the first!

Create an account to comment!